 Dungeon Crawl Stone Soup version 0.27.1-3-gb3d3a73c9e (webtiles) character file.

Game seed: 6026071246469234614

64 Descartes the Sneak (level 3, 0/16 HPs)
             Began as a Spriggan Venom Mage on Oct 26, 2021.
             Slain by a bat zombie (1 damage)
             ... on level 2 of the Dungeon.
             The game lasted 00:03:55 (2194 turns).

Descartes the Sneak (Spriggan Venom Mage)           Turns: 2194, Time: 00:03:56

Health: 0/16       AC:  2    Str:  5    XL:     3   Next: 91%
Magic:  5/8        EV: 18    Int: 16    God:
Gold:   54         SH:  0    Dex: 15    Spells: 4/8 levels left

rFire    . . .     SeeInvis +   g - +2 dagger (venom)
rCold    + . .     Faith    .   (shield restricted)
rNeg     . . .     Spirit   .   a - +0 robe
rPois    .         Reflect  .   (helmet restricted)
rElec    .         Harm     .   (no cloak)
rCorr    .         Rampage  .   (gloves unavailable)
Will     .....                  (boots unavailable)
Stlth    +++.......             (no amulet)
HPRegen  0.05/turn              j - ring of protection from cold
MPRegen  0.11/turn              (no ring)

@: lethally poisoned (0 -> -4), flying, very quick
A: very small, no large weapons, unfitting armour, see invisible, speed 3
a: no special abilities


You were on level 2 of the Dungeon.
You visited 1 branch of the dungeon, and saw 2 of its levels.

You collected 54 gold pieces.

Inventory:

Hand Weapons
 g - a +2 dagger of venom (weapon)
Missiles
 b - 91 stones
 d - 41 sling bullets
 h - 15 arrows
Armour
 a - a +0 robe (worn)
Jewellery
 j - a ring of protection from cold (left hand)
Scrolls
 c - 6 scrolls of identify {unknown}
 e - a scroll of fog {unknown}
 i - a scroll of immolation {unknown}
 k - a scroll of vulnerability {unknown}
 l - a scroll of teleportation {unknown}


   Skills:
 + Level 3.4 Dodging
 + Level 4.0 Stealth
 + Level 3.3 Spellcasting
 + Level 2.5 Transmutations
 + Level 3.4 Poison Magic


You had 4 spell levels left.
You knew the following spells:

 Your Spells              Type           Power      Damage    Failure   Level
a - Sting                 Tmut/Pois      48%        1d5       5%          1
b - Poisonous Vapours     Pois/Air       16%        N/A       14%         2
c - Apportation           Tloc           4%         N/A       19%         1

Your spell library contained the following spells:

 Spells                   Type           Power      Damage    Failure   Level
 Animate Skeleton         Necr           4%         N/A       19%         1
 Corona                   Hex            2%         N/A       19%         1
 Summon Small Mammal      Summ           8%         N/A       19%         1
 Mephitic Cloud           Conj/Pois/Air  6%         N/A       34%         3
 Olgreb's Toxic Radiance  Pois           13%        N/A       41%         4


Dungeon Overview and Level Annotations

Branches:
Dungeon (2/15)

Altars:

Shops:
D:1 [


Innate Abilities, Weirdness & Mutations

You are very small and have problems with some larger weapons.
You are too small for most types of armour.
You have supernaturally acute eyesight. (SInv)
You cover ground extremely quickly. (Speed+++)


Message History

The adder hisses angrily.
The bat zombie closely misses you.
Casting: Sting (safe; 5% risk of failure)
Confirm with . or Enter, or press ? or * to list all spells.
Aiming: Sting (safe; 5% risk of failure)
Press: ? - help, Shift-Dir - straight line, f - bat zombie
Aim: a bat zombie (75% to hit)
The sting hits the bat zombie.
The bat zombie partially resists.
The bat zombie is lightly damaged.
The bat zombie hits you but does no damage.
The bat zombie misses you. x2
Casting: Sting (safe; 5% risk of failure)
Confirm with . or Enter, or press ? or * to list all spells.
Aiming: Sting (safe; 5% risk of failure)
Press: ? - help, Shift-Dir - straight line, f - adder, p - bat zombie
Aim: an adder (water, 53% to hit)
The sting hits the adder.
The adder is poisoned.
The adder is moderately wounded.
The bat zombie misses you. The bat zombie closely misses you.
The adder bites you.
You are poisoned.
The adder poisons you! The bat zombie hits you.
Casting: Sting (safe; 5% risk of failure)
Confirm with . or Enter, or press ? or * to list all spells.
Aiming: Sting (safe; 5% risk of failure)
Press: ? - help, Shift-Dir - straight line, f/p - adder
Aim: an adder (water, heavily wounded, poisoned, 53% to hit)
The sting misses the adder.
You feel sick. The bat zombie barely misses you.
The adder completely misses you.
The bat zombie hits you but does no damage.
The adder bites you.
* * * LOW HITPOINT WARNING * * *
* * * LOW HITPOINT WARNING * * *
You feel sick. The bat zombie misses you.
It was a potion of flight.
You feel very buoyant.
You fly up into the air.
* * * LOW HITPOINT WARNING * * *
You feel sick. The bat zombie hits you.
You die...

#+# #.# #.#
####.###
##......# ##
####.....#.#
.+
+.......##.#
##
####...###.#
.. ##.####.#
#.#
######@.....#
#..≈.ZP######
#.≈≈S≈.#
#.≈≈≈≈.#
#..≈≈≈..#
#..≈≈≈≈.#
.....≈...#
.#......##
########


You could see an adder (poisoned) and a bat zombie.

Vanquished Creatures
  Natasha (D:2)
  An adder (D:2)
  3 bats
  5 endoplasms
  A giant cockroach (D:2)
  4 hobgoblins
  3 jackals (D:1)
  A ball python (D:1)
  A ball python zombie (D:2)
  A frilled lizard (D:2)
  3 kobolds
  A quokka zombie (D:2)
  5 rats
30 creatures vanquished.

Notes
Turn   | Place    | Note
-------+----------+-------------------------------------------
     0 | D:1      | Descartes the Spriggan Venom Mage began the quest for the
                  | Orb.
     0 | D:1      | Reached XP level 1. HP: 9/9 MP: 5/5
   338 | D:1      | Reached XP level 2. HP: 13/13 MP: 3/6
   909 | D:1      | Found Qiocsity's Antique Armour Shoppe.
  1026 | D:1      | Learned a level 2 spell: Poisonous Vapours
  1028 | D:1      | Learned a level 1 spell: Apportation
  1756 | D:2      | Reached XP level 3. HP: 16/16 MP: 4/8
  1919 | D:2      | Noticed Natasha
  1927 | D:2      | Killed Natasha
  2066 | D:2      | Reached skill level 4 in Stealth
  2194 | D:2      | Slain by a bat zombie

Illustrated notes

Levels and vault maps discovered:
D:1:      moated_graveyard_arrival, layout_loops_corners, serial_shops,
          nicolae_shop_crystal
D:2:      layout_loops_corners, serial_undead, serial_undead_e, serial_undead_f,
          serial_undead_e, serial_undead_c, basic_altar, basic_ecumenical_altar,
          uniq_natasha

Skill      XL: |  1  2  3 |
---------------+----------+-----
Dodging        | 3 |  3.4
Spellcasting   | 3 |  3.3
Transmutations | 2 |  2.5
Stealth        | 4 |  4.0
Poison Magic   | |  3.4

Action                   || total
-------------------------++-------
Melee: Dagger            ||     8
 Cast: Sting             ||    72
  Use: Potion            ||     1
Armor: Robe              ||     3
Dodge: Dodged            ||    35
